AoeStats
← AxD | Kurumi 002

Pilgrims

509813367Analyzed
3v3 RM · 6d ago on Sep 28, 2026· 19m 24s· 6 players
Game mode
Random Map
Map size
Normal (6 player)
Population
200
Speed
Normal
Resources
Standard
Victory
Conquest
Starting age
Dark Age
Ending age
Imperial Age
RankedLock teamsTeams togetherTeam positionsShared explorationLock speedFull tech treeHidden civsTurbo modeCheats
Victory
Defeat
🇨🇱 Varangians · Chile
1619
+13
🇸🇻 Dravidians · El Salvador
1572
+15
🇦🇷 Malay · Argentina
1564
+16
🇻🇳 Spanish · Vietnam
1706
-20
🇺🇸 Varangians · United States
1493
-12
🇨🇴 Mongols · Colombia
1482
-12
AxD | Kurumi 002
4:45 Loom
10:52 Feudal Age
11:26 Double-Bit Axe
13:41 Fletching
18:32 Castle Age
17:11 Padded Archer Armor
18:40 Crossbowman
19:16 Bodkin Arrow
AxD | Keiokenkun-Uno-Puro
7:59 Loom
10:02 Feudal Age
11:31 Fishing Lines
14:43 Castle Age
15:08 Double-Bit Axe
16:13 Forging
16:24 Fletching
AxD | Cad Bane
6:38 Loom
10:35 Feudal Age
11:12 Double-Bit Axe
12:07 Fletching
13:39 Fishing Lines
18:54 Castle Age
19:10 Castle Age
ShiftyShnike
12:24 Feudal Age
10:40 Loom
13:26 Double-Bit Axe
16:18 Castle Age
14:20 Fishing Lines
17:55 Gold Mining
18:18 Bow Saw
MZTK | KaLiuM
4:42 Loom
11:01 Feudal Age
11:31 Double-Bit Axe
13:23 Fletching
16:20 Wheelbarrow
16:21 Horse Collar
VIPN@U
11:51 Feudal Age
15:22 Castle Age
14:58 Loom
15:14 Double-Bit Axe
15:50 Forging
15:32 Gold Mining
16:25 Medium Warships
Connection lost

Rejoining the realm…

Still unreachable

The connection could not be restored.

Session expired

The server has moved on; the page needs a fresh start.